 Dungeon Crawl Stone Soup version 0.25-a0-320-g60aa035 (webtiles) character file.

Game seed: 4435699045053572616, levelgen mode: deterministic

1748 Buxparty the Quickloader (level 8, -3/68 HPs)
             Began as a Deep Dwarf Hunter on Dec 26, 2019.
             Slain by a big kobold zombie (4 damage)
             ... in an ossuary on Dec 27, 2019.
             The game lasted 00:17:26 (3923 turns).

Buxparty the Quickloader (Deep Dwarf Hunter)        Turns: 3923, Time: 00:17:27

Health: -3/68      AC:  3    Str: 17    XL:     8   Next: 78%
Magic:  0/0        EV: 14    Int: 11    God:
Gold:   74         SH:  0    Dex: 15    Spells: 7/7 levels left

rFire    . . .     SeeInvis .   b - +0 short sword
rCold    . . .     Gourm    .   (no shield)
rNeg     . . .     Faith    .   c - +0 leather armour
rPois    .         Spirit   .   (no helmet)
rElec    .         Reflect  .   (no cloak)
rCorr    .         Harm     .   (no gloves)
MR       +....                  (no boots)
Stlth    ++........             (no amulet)
HPRegen  0.00/turn              (no ring)
MPRegen  0.07/turn              (no ring)

@: non-regenerating
A: damage resistance, heal wounds, sense surroundings 1, no regeneration
a: Heal Wounds


You were in an ossuary.
You were not hungry.

You visited 1 branch of the dungeon, and saw 6 of its levels.
You also visited: Sewer and Ossuary.

You collected 185 gold pieces.
You spent 111 gold pieces at shops.

Inventory:

Hand Weapons
 a - a +2 hand crossbow
 b - a +0 short sword (weapon)
 i - a +1 hand axe of venom
 n - a cursed +0 dagger
Missiles
 d - 57 bolts
Armour
 c - a +0 leather armour (worn)
Wands
 q - a wand of acid (7)
Scrolls
 e - 6 scrolls of identify
 g - a scroll of fog
 j - a scroll of teleportation
 p - a scroll of enchant weapon
Potions
 h - 3 potions of haste
 u - a potion of mutation {unknown}
 v - a potion of magic {unknown}
 w - 3 potions of brilliance {unknown}
 z - a potion of might {unknown}
Comestibles
 f - 6 rations


   Skills:
 - Level 2.6 Fighting
 + Level 0.5 Short Blades
 + Level 11.6 Crossbows
 - Level 1.8 Armour
 + Level 4.5 Dodging
 + Level 2.6 Stealth


You had 7 spell levels left.
You didn't know any spells.
Your spell library contained the following spells:

 Spells                   Type           Power        Failure   Level  Hunger
 Animate Skeleton         Necr           N/A          38%         1    ##.....
 Pain                     Necr           #...         38%         1    ##.....
 Vampiric Draining        Necr           #.........   77%         3    ####...
 Animate Dead             Necr           N/A          99%         4    #####..
 Regeneration             Chrm/Necr      Unusable     N/A         3    N/A

Dungeon Overview and Level Annotations

Branches:
Dungeon (6/15)              Sewer (visited)         Ossuary (1/1)
 Temple: D:4-7

Altars:
Ashenzari
The Shining One

Shops:
D:5 (


Innate Abilities, Weirdness & Mutations

You are resistant to damage.
You can heal yourself by infusing magical energy.
You passively map a small area around you.
You do not regenerate.


Message History

* * * LOW HITPOINT WARNING * * *
You hit the big kobold zombie.
The big kobold zombie is severely damaged.
The hobgoblin zombie misses you.
The hobgoblin zombie closely misses you.
The big kobold zombie hits you but does no damage.
You hit the big kobold zombie.
The big kobold zombie is almost destroyed.
The hobgoblin zombie barely misses you.
The hobgoblin zombie completely misses you.
You hit the big kobold zombie but do no damage.
The big kobold zombie is almost destroyed.
The big kobold zombie hits you.
* * * LOW HITPOINT WARNING * * *
The hobgoblin zombie hits you. x2
* * * LOW HITPOINT WARNING * * *
You hit the big kobold zombie.
The big kobold zombie is almost destroyed.
The big kobold zombie hits you.
You die... .# #...# .# #...# .# #...# ## #'### ^# #^^^# ^# #^..# .# #..^# ^# #...# '# ##@## .# #ZZZ#

.##### ####
**#.ZZ#
.#...#?!!!#,
,#...#
.'.∩.#?[$?+ ∩
+...#
.#...#???!#,
#...#
######*####**
#####


You could see 2 hobgoblin zombies, 2 kobold zombies and a big kobold zombie.

Vanquished Creatures
  An ice beast (D:6)
  An orc warrior (D:6)
  A phantom (D:3)
  A sky beast (D:5)
  3 ogres
  A centaur (D:5)
  3 water moccasin zombies (Ossuary)
  A scorpion (D:5)
  2 howler monkeys (D:4)
  A crimson imp (D:5)
  A bullfrog skeleton (D:4)
  4 orc priests
  3 orc wizards
  3 iguanas
  3 worker ants (D:5)
  4 big kobold zombies (Ossuary)
  6 gnolls (D:4)
  4 adders
  A river rat (D:5)
  An ooze (Sewer)
  An adder skeleton (D:5)
  3 adder zombies (Ossuary)
  4 worms
  2 dart slugs (D:2)
  3 leopard geckos
  27 orcs
  8 bats
  4 giant cockroaches
  8 goblins
  9 hobgoblins
  5 jackals
  18 kobolds
  4 quokkas
  3 ball pythons
  2 frilled lizards (D:3)
  A hobgoblin zombie (Ossuary)
  6 kobold zombies (Ossuary)
  6 orc zombies (Ossuary)
  9 rats
168 creatures vanquished.

Notes
Turn   | Place    | Note
-------+----------+-------------------------------------------
     0 | D:1      | Buxparty the Deep Dwarf Hunter began the quest for the Orb.
     0 | D:1      | Reached XP level 1. HP: 19/19 MP: 1/1
   155 | D:1      | Reached XP level 2. HP: 26/26 MP: 2/2
   735 | D:2      | Reached skill level 5 in Crossbows
   752 | D:2      | Reached XP level 3. HP: 29/32 MP: 3/3
  1057 | D:2      | Reached skill level 1 in Armour
  1116 | D:2      | Reached XP level 4. HP: 31/39 MP: 4/4
  1265 | D:3      | Found a shattered altar of Ashenzari.
  1329 | D:3      | Noticed a phantom
  1350 | D:3      | Killed a phantom
  1350 | D:3      | Reached skill level 6 in Crossbows
  1350 | D:3      | Reached XP level 5. HP: 37/46 MP: 5/5
  1405 | D:3      | Upgraded the game from 0.25-a0-317-g5f8687b to
                  | 0.25-a0-320-g60aa035
  1893 | D:4      | Noticed an ogre
  1899 | D:4      | Killed an ogre
  1899 | D:4      | Reached skill level 7 in Crossbows
  1899 | D:4      | Reached XP level 6. HP: 45/55 MP: 6/6
  2095 | D:4      | Reached skill level 8 in Crossbows
  2256 | D:4      | Reached XP level 7. HP: 49/61 MP: 7/7
  2497 | D:4      | Found a glowing golden altar of the Shining One.
  2540 | D:5      | Entered Level 5 of the Dungeon
  2560 | D:5      | HP: 2/61 [ogre/+0 giant club (23)]
  2574 | D:5      | Reached skill level 9 in Crossbows
  2665 | D:5      | Found a glowing drain.
  2671 | D:5      | Reached skill level 10 in Crossbows
  2680 | Sewer    | Entered a sewer
  2796 | Sewer    | Reached XP level 8. HP: 59/68 MP: 1/1
  3342 | D:5      | Found Poroow's Weapon Boutique.
  3345 | D:5      | Bought 28 bolts for 61 gold pieces
  3345 | D:5      | Bought 23 bolts for 50 gold pieces
  3509 | D:6      | Reached skill level 11 in Crossbows
  3667 | D:6      | Found a sand-covered staircase.
  3713 | Ossuary  | Entered an ossuary
  3922 | Ossuary  | HP: 3/68 [big kobold zombie (2)]
  3922 | Ossuary  | HP: 1/68 [hobgoblin zombie (2)]
  3923 | Ossuary  | Slain by a big kobold zombie

Levels and vault maps discovered:
D:1:      elethiomel_arrival_maze, layout_basic, serial_bayou_lagoon_a
D:2:      layout_basic
D:3:      layout_rooms, lemuel_round_altar, first_ration, minivault_14
D:4:      layout_loops_ring, nicolae_tso_swordbearing_angel
D:5:      layout_cave_pools, cheibrodos_sewer_entry_sluice, serial_shops,
          nicolae_shop_window_shopping
D:6:      layout_loops_ring, nicolae_ossuary_entry_false_entrances
Ossuary:  ossuary_tomb_2

Skill      XL: |  1  2  3  4  5  6  7  8 |
---------------+-------------------------+-----
Fighting       | 2 |  2.6
Crossbows      | 5 6 7 8 10 11 | 11.6
Armour         | 1 |  1.8
Dodging        | 3 4 |  4.5
Stealth        | 2 |  2.6
Short Blades   | |  0.5

Action                   |  1- 3 |  4- 6 |  7- 9 || total
-------------------------+-------+-------+-------++-------
Melee: Short sword       |       |       |    70 ||    70
       Hand crossbow     |       |       |     2 ||     2
 Fire: Hand crossbow     |   101 |   125 |   212 ||   438
 Abil: Heal Wounds       |       |     2 |    18 ||    20
  Use: Potion            |       |       |    12 ||    12
       Scroll            |       |       |     7 ||     7
  Eat: Ration            |       |     2 |     1 ||     3
Armor: Leather armour    |     4 |     5 |    43 ||    52
Dodge: Dodged            |    27 |    17 |   139 ||   183

Table legend:
 A = Non-vault XP
 B = Vault XP
 C = Vault XP percentage of total XP
 D = Non-vault monster count
 E = Vault monster count
 F = Vault count percentage of total count
                 A         B        C        D         E       F
            +---------+---------+-------+---------+---------+-------
      Total |    2076 |     422 |  16.9 |     129 |      39 |  23.2
            +---------+---------+-------+---------+---------+-------
        D:1 |      23 |       0 |   0.0 |      13 |       0 |   0.0
        D:2 |      79 |       0 |   0.0 |      30 |       0 |   0.0
        D:3 |     225 |       0 |   0.0 |      29 |       0 |   0.0
        D:4 |     464 |       0 |   0.0 |      20 |       0 |   0.0
        D:5 |     887 |      14 |   1.6 |      27 |       2 |   6.9
        D:6 |     398 |       0 |   0.0 |      10 |       0 |   0.0
      Sewer |       0 |      43 | 100.0 |       0 |      14 | 100.0
    Ossuary |       0 |     365 | 100.0 |       0 |      23 | 100.0
            +---------+---------+-------+---------+---------+-------
